 Dungeon Crawl Stone Soup version 0.23.2-1-ga50397a6bc (webtiles) character file.

Game seed: 17518608390914930263

50 MachJacob the Insei (level 3, 0/29 HPs)
             Began as a Draconian Transmuter on Apr 17, 2019.
             Was an Initiate of Makhleb.
             Killed by nerve-wracking pain
             ... invoked by an orc priest
              (14 damage)
             ... on level 3 of the Dungeon.
             The game lasted 00:07:53 (1688 turns).

MachJacob the Insei (Draconian Transmuter)          Turns: 1688, Time: 00:07:54

Health: 0/29       AC:  5    Str: 12    XL:     3   Next: 55%
Magic:  5/6        EV: 12    Int: 13    God:    Makhleb [......]
Gold:   88         SH:  0    Dex: 12    Spells: 5/6 levels left

rFire    . . .     SeeInvis .     - Unarmed
rCold    . . .     Gourm    .   (no shield)
rNeg     . . .     Faith    .   (armour unavailable)
rPois    .         Spirit   .   (helmet restricted)
rElec    .         Reflect  .   (no cloak)
rCorr    .         Harm     .   (no gloves)
MR       .....                  (boots currently unavailable)
Stlth    +.........             (no amulet)
HPRegen  0.09/turn              (no ring)
MPRegen  0.10/turn              (no ring)

@: appendage
A: unfitting armour, talons 3, cold-blooded, AC +5
a: End Transformation, Renounce Religion


You were on level 3 of the Dungeon.
You worshipped Makhleb.
Makhleb was noncommittal.
You were not hungry.
You had grown temporary talons.
You visited 1 branch of the dungeon, and saw 3 of its levels.

You collected 88 gold pieces.

Inventory:

Missiles
 a - 59 arrows
Armour
 f - a +0 pair of boots
Jewellery
 g - an uncursed ring of protection from fire {unknown}
Wands
 i - a wand of acid (10)
Scrolls
 h - a scroll of fear {unknown}
 l - a scroll of identify {unknown}
Potions
 b - a potion of magic {unknown}
 e - 2 potions of curing {unknown}
 j - a potion of heal wounds {unknown}
 k - a potion of degeneration {unknown}
Comestibles
 c - 4 rations
 d - 5 chunks of flesh


   Skills:
 + Level 1.9 Fighting
 + Level 2.2 Dodging
 + Level 3.3 Unarmed Combat
 + Level 2.4 Spellcasting
 + Level 2.4 Transmutations


You had 5 spell levels left.
You knew the following spells:

 Your Spells              Type           Power        Failure   Level  Hunger
a - Beastly Appendage     Tmut           #.....       9%          1    #......

Your spell library contained the following spells:

 Spells                   Type           Power        Failure   Level  Hunger
 Sticks to Snakes         Tmut           #.......     14%         2    ###....
 Spider Form              Tmut/Pois      #.........   41%         3    ###....
 Ice Form                 Ice/Tmut       #.......     82%         4    #####..
 Blade Hands              Tmut           #.........   94%         5    ######.


Dungeon Overview and Level Annotations

Branches:
Dungeon (3/15)

Altars:
Makhleb
Qazlal
Wu Jian


Innate Abilities, Weirdness & Mutations

Your plain brown scales are hard. (AC +5)
You cannot fit into any form of body armour.
You are cold-blooded and may be slowed by cold attacks.
You have claws for feet.


Message History

Confirm with . or Enter, or press ? or * to list all spells.
Your feet morph into talons.
The orc priest hits you but does no damage.
The rat bites you.
You hit the orc priest.
The orc priest is heavily wounded.
The orc priest hits you but does no damage.
The rat bites you but does no damage.
You hit the orc priest.
The orc priest is severely wounded.
The orc priest barely misses you.
You closely miss the orc priest.
Your tail-slap misses the orc priest.
The orc priest is severely wounded.
The rat bites you.
You closely miss the orc priest.
The orc priest is severely wounded.
The rat closely misses you.
The orc priest invokes the aid of Beogh against you.
Pain shoots through your body!
You die...

### ####### ##.## #.....<
##.#.## #.##### #######.###.##
##.## .
..........##.######÷..####
..########..#.#.###.....#.....
.....###.#..........#...###.
#.....o.##..####.#.##.#...÷
#..##.#>###.##@.####.#.##.#.##.
#........)...ro(.......##.#.##.
##.##.#####.....####...##.#.##.
# ####.........##....#.
########..##..#.(. #..###...#.
##.##. #. #. # #.


You could see an orc priest and a rat.

Vanquished Creatures
  An adder (D:2)
  A worm (D:2)
  A dart slug (D:3)
  3 orcs (D:3)
  3 goblins (D:1)
  2 hobgoblins (D:1)
  7 kobolds
  2 quokkas
  2 ball pythons
  7 bats
  2 frilled lizards
  2 rats
33 creatures vanquished.

Notes
Turn   | Place    | Note
-------+----------+-------------------------------------------
     0 | D:1      | MachJacob the Draconian Transmuter began the quest for the
                  | Orb.
     0 | D:1      | Reached XP level 1. HP: 16/16 MP: 3/3
   317 | D:1      | Reached XP level 2. HP: 21/23 MP: 3/5
   553 | D:2      | Found an ornate altar of the Wu Jian Council.
   553 | D:2      | Found a burning altar of Makhleb.
   581 | D:2      | Became a worshipper of Makhleb the Destroyer
   810 | D:2      | Reached XP level 3. HP: 10/29 MP: 6/6
  1052 | D:2      | Found a stormy altar of Qazlal.
  1688 | D:3      | Killed from afar by an orc priest

Skill      XL: |  1  2 |
---------------+-------+-----
Dodging        | 2 |  2.2
Fighting       | |  1.9
Unarmed Combat | |  3.3
Spellcasting   | |  2.4
Transmutations | |  2.4

Action                   || total
-------------------------++-------
Melee: Unarmed           ||   105
       Tailslap          ||     7
       Headbutt          ||     6
       Kick              ||     6
       Punch             ||     1
 Cast: Beastly Appendage ||    21
Evoke: Wand              ||     1
 Stab: Sleeping          ||     1
  Eat: Chunk             ||     3
Armor: Skin              ||    40
Dodge: Dodged            ||    66
